MID
HAGERSTOWN SUNS @ KANE COUNTY COUGARS
07/31/2048
 
TOP OF THE 1ST
Hagerstown Suns batting - Pitching for Kane County Cougars : RHP Nobuo Okazaki
Pitching: RHP Nobuo Okazaki
Batting: RHB Bobby Bricker 0-0: Ball
1-0: Ball
2-0: Called Strike
2-1: Called Strike
2-2: Ball
3-2: Ground out 5-3 (Groundball, 56S, EV 80.0 MPH)
Batting: LHB Yasuo Igarashi 0-0: Ball
1-0: Called Strike
1-1: Swinging Strike
1-2: Ball
2-2: DOUBLE (Line Drive, 7LM, EV 113.1 MPH)
Batting: LHB John Holst 0-0: Ball
1-0: Called Strike
1-1: Foul Ball, location: 2F
1-2: Foul Ball, location: 2F
1-2: Strikes out swinging
Batting: LHB Chance McWilliams 0-0: Called Strike
0-1: Ball
1-1: Called Strike
1-2: Fly out, F8 (Line Drive, 8RD, EV 98.8 MPH)
Top of the 1st over - 0 runs, 1 hit, 0 errors, 1 left on base; Hagerstown 0 - Kane County 0
BOTTOM OF THE 1ST
Kane County Cougars batting - Pitching for Hagerstown Suns : LHP Johnny Busse
Pitching: LHP Johnny Busse
Batting: RHB Francisco Gutierrez 0-0: Ball
1-0: Called Strike
1-1: Ball
2-1: Called Strike
2-2: SINGLE (Line Drive, 78S, EV 90.6 MPH)
Batting: SHB Blaine Peters 0-0: Called Strike
Francisco Gutierrez steals 2nd, throwing error, E2
Francisco Gutierrez to third
0-1: Ball
1-1: Swinging Strike
1-2: Fly out, F7 (Flyball, 78S, EV 78.1 MPH)
Batting: RHB Longfellow Wetzler 0-0: Called Strike
0-1: 2-RUN HOME RUN (Flyball, 7D, EV 98.1 MPH), Distance : 387 ft
Batting: RHB Chad Mendoza 0-0: Called Strike
0-1: SINGLE (Groundball, 4MD, EV 95.6 MPH)
Batting: RHB D.J. Cooke 0-0: Ball
1-0: Ball
2-0: Ball
3-0: Called Strike
3-1: Swinging Strike
3-2: Strikes out swinging
Batting: RHB Dustin Legault 0-0: Called Strike
0-1: Foul Ball, location: 2F
0-2: Ball
1-2: Strikes out swinging
Bottom of the 1st over - 2 runs, 3 hits, 1 error, 1 left on base; Hagerstown 0 - Kane County 2
TOP OF THE 2ND
Hagerstown Suns batting - Pitching for Kane County Cougars : RHP Nobuo Okazaki
Batting: RHB Bryan Wheeler 0-0: Swinging Strike
0-1: Ball
1-1: Foul Ball, location: 2F
1-2: Fly out, F5 (Popup, 5SF, EV 71.2 MPH)
Batting: RHB Nick Moreno 0-0: Ball
1-0: Ball
2-0: Called Strike
2-1: Hit by Pitch
Batting: RHB Antonio Vallez 0-0: Ball
1-0: Called Strike
Nick Moreno steals 2nd base
1-1: Ball
2-1: Ground out U3 (Groundball, 34, EV 89.4 MPH)
Nick Moreno to third
Batting: RHB Jim Towle 0-0: Ball
1-0: Foul Ball, location: 2F
1-1: Fly out, F9 (Flyball, 9S, EV 84.4 MPH)
Top of the 2nd over - 0 runs, 0 hits, 0 errors, 1 left on base; Hagerstown 0 - Kane County 2
BOTTOM OF THE 2ND
Kane County Cougars batting - Pitching for Hagerstown Suns : LHP Johnny Busse
Batting: RHB Gary Hills 0-0: Called Strike
0-1: Ball
1-1: Ball
2-1: Ball
3-1: SINGLE (Groundball, 23, EV 70.6 MPH) (infield hit)
Batting: LHB Enrique Ponce 0-0: Called Strike
0-1: Ball
1-1: Swinging Strike
1-2: Strikes out swinging
Batting: LHB Jeff Trapp 0-0: Called Strike
0-1: Ball
1-1: Called Strike
1-2: Strikes out looking
Batting: RHB Francisco Gutierrez 0-0: Swinging Strike
0-1: SINGLE (Groundball, 56D, EV 96.9 MPH)
Gary Hills to second
Batting: SHB Blaine Peters 0-0: Foul Ball, location: 2F
0-1: Ball
1-1: Ball
2-1: Ball
3-1: Reached on error, E5 (Groundball, 56S, EV 83.1 MPH)
Gary Hills to third
Francisco Gutierrez to second
Batting: RHB Longfellow Wetzler 0-0: Ground out 6-3 (Groundball, 6S, EV 75.6 MPH)
Bottom of the 2nd over - 0 runs, 2 hits, 1 error, 3 left on base; Hagerstown 0 - Kane County 2
TOP OF THE 3RD
Hagerstown Suns batting - Pitching for Kane County Cougars : RHP Nobuo Okazaki
Batting: RHB Seth Rutz 0-0: Ball
1-0: Called Strike
1-1: Swinging Strike
1-2: Ball
2-2: Hit by Pitch
Batting: RHB Bobby Bricker 0-0: Ball
1-0: Ball
2-0: Called Strike
2-1: Called Strike
2-2: Fly out, F8 (Flyball, 8LD, EV 103.1 MPH)
Batting: LHB Yasuo Igarashi 0-0: Foul Ball, location: 2F
0-1: Ball
1-1: Fly out, F8 (Flyball, 8LXD, EV 103.1 MPH)
Batting: LHB John Holst 0-0: Ball
1-0: Ball
2-0: DOUBLE (Groundball, 5L, EV 98.8 MPH)
Seth Rutz to third
Pinch Runner at 2nd Deshawn Boseman:
Batting: LHB Chance McWilliams 0-0: Called Strike
0-1: Swinging Strike
0-2: Ball
1-2: Strikes out looking
Top of the 3rd over - 0 runs, 1 hit, 0 errors, 2 left on base; Hagerstown 0 - Kane County 2
BOTTOM OF THE 3RD
Kane County Cougars batting - Pitching for Hagerstown Suns : LHP Johnny Busse
Now in RF: Deshawn Boseman
Batting: RHB Chad Mendoza 0-0: Ball
1-0: Foul Ball, location: 2F
1-1: Ball
2-1: Ground out 3-1 (Groundball, 34S, EV 76.9 MPH)
Batting: RHB D.J. Cooke 0-0: Foul Ball, location: 2F
0-1: Ball
1-1: Ball
2-1: Swinging Strike
2-2: Strikes out swinging
Batting: RHB Dustin Legault 0-0: Ball
1-0: Ball
2-0: DOUBLE (Groundball, 3L, EV 101.2 MPH)
Batting: RHB Gary Hills 0-0: Ball
1-0: Reached on error, E5 (Groundball, 56S, EV 86.9 MPH)
Dustin Legault to third
Batting: LHB Enrique Ponce 0-0: DOUBLE (Line Drive, 8RXD, EV 104.4 MPH)
Dustin Legault scores
Gary Hills to third
Runner from 3rd tries for Home, SAFE, throw by CF to home
Batting: LHB Jeff Trapp 0-0: Ball
1-0: Foul Ball, location: 2F
1-1: Foul Ball, location: 2F
1-2: Foul Ball, location: 2F
1-2: Ball
2-2: Strikes out swinging
Bottom of the 3rd over - 2 runs, 2 hits, 1 error, 1 left on base; Hagerstown 0 - Kane County 4
TOP OF THE 4TH
Hagerstown Suns batting - Pitching for Kane County Cougars : RHP Nobuo Okazaki
Batting: RHB Bryan Wheeler 0-0: Called Strike
0-1: Ground out 5-3 (Groundball, 56S, EV 76.2 MPH)
Batting: RHB Nick Moreno 0-0: Called Strike
0-1: Ball
1-1: Fly out, F8 (Line Drive, 8RM, EV 91.9 MPH)
Batting: RHB Antonio Vallez 0-0: Ball
1-0: Fly out, F9 (Flyball, 9, EV 95.6 MPH)
Top of the 4th over - 0 runs, 0 hits, 0 errors, 0 left on base; Hagerstown 0 - Kane County 4
BOTTOM OF THE 4TH
Kane County Cougars batting - Pitching for Hagerstown Suns : LHP Johnny Busse
Batting: RHB Francisco Gutierrez 0-0: Ball
1-0: SINGLE (Groundball, 4M, EV 86.9 MPH) (infield hit)
Batting: SHB Blaine Peters 0-0: Ball
1-0: Ball
2-0: SINGLE (Groundball, 4MD, EV 97.5 MPH)
Francisco Gutierrez to second
Runner from 2nd tries for 3rd, SAFE, throw by CF made at trailing runner, OUT! 8-6
Batting: RHB Longfellow Wetzler 0-0: Called Strike
0-1: Foul Ball, location: 2F
0-2: 2-RUN HOME RUN (Flyball, 7D, EV 98.8 MPH), Distance : 387 ft
Pitching: RHP Gary Simmons
Batting: RHB Chad Mendoza 0-0: Foul Ball, location: 2F
0-1: Ball
1-1: Called Strike
1-2: Ball
2-2: Fly out, F9 (Line Drive, 9, EV 93.1 MPH)
Batting: RHB D.J. Cooke 0-0: Foul Ball, location: 2F
0-1: Foul Ball, location: 2F
0-2: Ball
1-2: Fly out, F7 (Flyball, 7, EV 93.1 MPH)
Bottom of the 4th over - 2 runs, 3 hits, 0 errors, 0 left on base; Hagerstown 0 - Kane County 6
TOP OF THE 5TH
Hagerstown Suns batting - Pitching for Kane County Cougars : RHP Nobuo Okazaki
Batting: RHB Jim Towle 0-0: Called Strike
0-1: Swinging Strike
0-2: Foul Ball, location: 2F
0-2: Ball
1-2: Strikes out swinging
Batting: RHB Seth Rutz 0-0: Hit by Pitch
Batting: RHB Bobby Bricker 0-0: Ball
1-0: Called Strike
1-1: Swinging Strike
1-2: Fly out, F4 (Popup, 34, EV 58.1 MPH)
Batting: LHB Yasuo Igarashi 0-0: Called Strike
0-1: Called Strike
0-2: Ground out U3 (Groundball, 3S, EV 91.2 MPH)
Top of the 5th over - 0 runs, 0 hits, 0 errors, 1 left on base; Hagerstown 0 - Kane County 6
BOTTOM OF THE 5TH
Kane County Cougars batting - Pitching for Hagerstown Suns : RHP Gary Simmons
Batting: RHB Dustin Legault 0-0: Called Strike
0-1: Ball
1-1: Swinging Strike
1-2: Strikes out swinging
Batting: RHB Gary Hills 0-0: Ball
1-0: Foul Ball, location: 2F
1-1: Foul Ball, location: 2F
1-2: Foul Ball, location: 2F
1-2: Strikes out swinging
Batting: LHB Enrique Ponce 0-0: Ball
1-0: Ball
2-0: Ball
3-0: Called Strike
3-1: Called Strike
3-2: Base on Balls
Batting: LHB Jeff Trapp 0-0: Foul Ball, location: 2F
0-1: Called Strike
Enrique Ponce is caught stealing 2nd base 2-6
Bottom of the 5th over - 0 runs, 0 hits, 0 errors, 0 left on base; Hagerstown 0 - Kane County 6
TOP OF THE 6TH
Hagerstown Suns batting - Pitching for Kane County Cougars : RHP Nobuo Okazaki
Batting: RHB Deshawn Boseman 0-0: Ball
1-0: Swinging Strike
1-1: Ground out 6-3 (Groundball, 6M, EV 103.8 MPH)
Batting: LHB Chance McWilliams 0-0: Foul Ball, location: 2F
0-1: SINGLE (Flyball, 78S, EV 88.1 MPH)
Batting: RHB Bryan Wheeler 0-0: Ball
1-0: Called Strike
1-1: Called Strike
1-2: Strikes out swinging
Batting: RHB Nick Moreno 0-0: Called Strike
0-1: Ball
1-1: Ball
2-1: Fly out, F4 (Popup, 4, EV 79.4 MPH)
Top of the 6th over - 0 runs, 1 hit, 0 errors, 1 left on base; Hagerstown 0 - Kane County 6
BOTTOM OF THE 6TH
Kane County Cougars batting - Pitching for Hagerstown Suns : RHP Gary Simmons
Batting: LHB Jeff Trapp 0-0: Ball
1-0: Called Strike
1-1: Fly out, F8 (Flyball, 8RS, EV 78.1 MPH)
Pitching: RHP Sam Wood
Batting: RHB Francisco Gutierrez 0-0: Ball
1-0: Swinging Strike
1-1: Foul Ball, location: 2F
1-2: Foul Ball, location: 2F
1-2: Foul Ball, location: 2F
1-2: Foul Ball, location: 2F
1-2: Ball
2-2: Ball
3-2: Base on Balls
Batting: SHB Blaine Peters 0-0: Called Strike
0-1: SINGLE (Line Drive, 89M, EV 94.4 MPH)
Francisco Gutierrez to second
Runner from 2nd tries for 3rd, SAFE, throw by CF made to third
Batting: RHB Longfellow Wetzler 0-0: Called Strike
0-1: Swinging Strike
0-2: Foul Ball, location: 2F
0-2: Foul Ball, location: 2F
0-2: Ball
1-2: Ball
2-2: Ball
3-2: Base on Balls
Blaine Peters to second
Batting: RHB Chad Mendoza 0-0: Ball
Wild Pitch!
Francisco Gutierrez scores
Blaine Peters to third
Longfellow Wetzler to second
1-0: Called Strike
1-1: Swinging Strike
1-2: Strikes out swinging
Batting: RHB D.J. Cooke 0-0: Ball
1-0: Swinging Strike
1-1: Ball
2-1: Swinging Strike
2-2: Strikes out swinging
Bottom of the 6th over - 1 run, 1 hit, 0 errors, 2 left on base; Hagerstown 0 - Kane County 7
TOP OF THE 7TH
Hagerstown Suns batting - Pitching for Kane County Cougars : RHP Nobuo Okazaki
Batting: RHB Antonio Vallez 0-0: Called Strike
0-1: Ball
1-1: Fly out, F9 (Flyball, 89M, EV 85.0 MPH)
Batting: RHB Jim Towle 0-0: Ball
1-0: Ball
2-0: Called Strike
2-1: Called Strike
2-2: SINGLE (Line Drive, 6MD, EV 98.8 MPH)
Batting: RHB Seth Rutz 0-0: Foul Ball, location: 2F
0-1: Ball
1-1: Ball
2-1: Called Strike
Jim Towle steals 2nd base (no throw)
2-2: Ball
3-2: Fly out, F9 (Flyball, 9D, EV 95.6 MPH)
Pitching: LHP Shelby Rich
Batting: RHB Bobby Bricker 0-0: Called Strike
0-1: Ball
Passed Ball!
Jim Towle to third
1-1: Ball
2-1: Ground out 6-3 (Groundball, 6D, EV 85.6 MPH)
Top of the 7th over - 0 runs, 1 hit, 0 errors, 1 left on base; Hagerstown 0 - Kane County 7
BOTTOM OF THE 7TH
Kane County Cougars batting - Pitching for Hagerstown Suns : RHP Sam Wood
Batting: RHB Dustin Legault 0-0: Ball
1-0: Called Strike
1-1: Called Strike
1-2: Strikes out swinging
Batting: RHB Gary Hills 0-0: Foul Ball, location: 2F
0-1: Foul Ball, location: 2F
0-2: Strikes out swinging
Batting: LHB Enrique Ponce 0-0: Called Strike
0-1: Swinging Strike
0-2: Ball
1-2: Strikes out swinging
Bottom of the 7th over - 0 runs, 0 hits, 0 errors, 0 left on base; Hagerstown 0 - Kane County 7
TOP OF THE 8TH
Hagerstown Suns batting - Pitching for Kane County Cougars : LHP Shelby Rich
Batting: LHB Yasuo Igarashi 0-0: Ball
1-0: Foul Ball, location: 2F
1-1: SINGLE (Groundball, 5L, EV 96.9 MPH) (infield hit)
Batting: RHB Deshawn Boseman 0-0: Ball
1-0: Ball
2-0: Ball
3-0: Called Strike
3-1: Base on Balls
Yasuo Igarashi to second
Batting: LHB Chance McWilliams 0-0: Foul Ball, location: 2F
0-1: Swinging Strike
0-2: Foul Ball, location: 2F
0-2: Ball
1-2: Ball
2-2: Strikes out looking
Batting: RHB Bryan Wheeler 0-0: Ball
1-0: Ball
2-0: Foul Ball, location: 2F
2-1: Ball
3-1: Foul Ball, location: 2F
3-2: SINGLE (Line Drive, 8LS, EV 113.8 MPH)
Yasuo Igarashi to third
Deshawn Boseman to second
Batting: RHB Nick Moreno 0-0: Called Strike
0-1: Ball
1-1: Ball
2-1: Ball
3-1: Called Strike
3-2: Strikes out swinging
Batting: RHB Antonio Vallez 0-0: Ground out U3 (Groundball, 3S, EV 90.0 MPH)
Top of the 8th over - 0 runs, 2 hits, 0 errors, 3 left on base; Hagerstown 0 - Kane County 7
BOTTOM OF THE 8TH
Kane County Cougars batting - Pitching for Hagerstown Suns : RHP Sam Wood
Batting: LHB Jeff Trapp 0-0: Swinging Strike
0-1: Foul Ball, location: 2F
0-2: Strikes out looking
Batting: RHB Francisco Gutierrez 0-0: SINGLE (Line Drive, 7S, EV 98.8 MPH)
Pitching: RHP Chris Bonham
Batting: SHB Blaine Peters 0-0: Called Strike
0-1: Fielders Choice at 2nd, 4-6 (Groundball, 4, EV 79.4 MPH)
Batting: RHB Longfellow Wetzler 0-0: Called Strike
0-1: SINGLE (Groundball, 6MD, EV 95.0 MPH)
Blaine Peters to second
Batting: RHB Chad Mendoza 0-0: Ball
1-0: Ball
2-0: Foul Ball, location: 2F
2-1: Foul Ball, location: 2F
2-2: Ground out 4-3 (Groundball, 4, EV 90.6 MPH)
Bottom of the 8th over - 0 runs, 2 hits, 0 errors, 2 left on base; Hagerstown 0 - Kane County 7
TOP OF THE 9TH
Hagerstown Suns batting - Pitching for Kane County Cougars : LHP Shelby Rich
Batting: RHB Jim Towle 0-0: Called Strike
0-1: Swinging Strike
0-2: Ball
1-2: Ball
2-2: Ball
3-2: Strikes out swinging
Batting: RHB Seth Rutz 0-0: Foul Ball, location: 2F
0-1: Foul Ball, location: 2F
0-2: Foul Ball, location: 2F
0-2: SINGLE (Line Drive, 6D, EV 100.0 MPH)
Batting: RHB Bobby Bricker 0-0: Ball
1-0: Swinging Strike
1-1: Foul Ball, location: 2F
1-2: Ball
2-2: Foul Ball, location: 2F
2-2: Foul Ball, location: 2F
2-2: Strikes out swinging
Batting: LHB Yasuo Igarashi 0-0: Ground out U3 (Groundball, 3, EV 104.4 MPH)
Top of the 9th over - 0 runs, 1 hit, 0 errors, 1 left on base; Hagerstown 0 - Kane County 7
Tuesday, March 28th , 2023 - OOTP Baseball 23.10 Build 110